 Dungeon Crawl Stone Soup version 0.22.0-1-g6561e4c (webtiles) character file.

2867 Lew the Covert (level 9, -6/61 HPs)
             Began as an Octopode Fighter on Aug 12, 2018.
             Mangled by a two-headed ogre
             ... wielding a +0 giant club
              (25 damage)
             ... on level 8 of the Dungeon.
             The game lasted 00:28:13 (7978 turns).

Lew the Covert (Octopode Fighter)                   Turns: 7978, Time: 00:28:14

Health: -6/61      AC:  1    Str: 19    XL:     9   Next: 75%
Magic:  9/9        EV: 16    Int: 13    God:
Gold:   451        SH: 15    Dex: 13    Spells: 8/8 levels left

rFire    . . .     SeeInvis .   a - +2 war axe
rCold    . . .     Gourm    .   b - +1 shield
rNeg     . . .     Faith    .   (helmet restricted)
rPois    +         Spirit   .   o - amulet of the acrobat
rElec    .         Reflect  .   f - +5 ring of intelligence
rCorr    .         Harm     .   k - ring of stealth
MR       .....                  i - ring of stealth
Stlth    +++++++...             p - ring of poison resistance
HPRegen  0.20/turn              (no ring)
MPRegen  0.11/turn              (no ring)
                                (no ring)
                                (no ring)

@: flying
A: almost no armour, stealthy swim, amphibious, 8 rings, constrict 8, large bone
plates 1, camouflage 1, agile 1, dopey 1, gelatinous body 1, evolution 1
a: no special abilities


You were on level 8 of the Dungeon.
You were not hungry.

You visited 2 branches of the dungeon, and saw 9 of its levels.

You collected 451 gold pieces.

Inventory:

Hand Weapons
 a - a +2 war axe (weapon)
Armour
 b - a +1 shield (worn)
 t - a +2 buckler
Jewellery
 f - a +5 ring of intelligence (left tentacle)
 i - a ring of stealth (on tentacle)
 k - a ring of stealth (right tentacle)
 o - an amulet of the acrobat (around mantle)
 p - a ring of poison resistance (on tentacle)
 q - an uncursed amulet of regeneration
Wands
 r - a wand of polymorph (13)
 s - a wand of digging (28)
 x - a wand of paralysis (14)
Scrolls
 e - 3 scrolls of teleportation
 g - 3 scrolls of magic mapping
 l - 2 scrolls of identify
 n - 3 scrolls of remove curse
 v - a scroll of blinking
 w - a scroll of torment {unknown}
 y - a scroll of enchant weapon
Potions
 d - 2 potions of agility
 h - a potion of curing
 j - a potion of haste
 m - 3 potions of flight
 z - a potion of mutation
Comestibles
 u - 2 rations


   Skills:
 * Level 5.2 Fighting
 * Level 4.5 Axes
 + Level 8.3 Dodging
 + Level 10.7 Stealth
 * Level 5.1 Shields


You had 8 spell levels left.
You didn't know any spells.
Your spell library contained the following spells:

 Spells                   Type           Power        Failure   Level  Hunger
 Cause Fear               Hex            #.........   100%        4    #####..
 Fireball                 Conj/Fire      #.........   100%        5    ######.
 Conjure Flame            Conj/Fire      #.......     97%         3    ####...
 Slow                     Hex            #.......     86%         2    ###....
 Throw Flame              Conj/Fire      #.....       86%         2    ###....
 Sticky Flame             Conj/Fire      #.......     100%        4    #####..
 Flame Tongue             Conj/Fire      #....        73%         1    ##.....
 Corona                   Hex            #......      73%         1    ##.....
 Portal Projectile        Hex/Tloc       #.....       97%         3    ####...
 Leda's Liquefaction      Hex/Erth       #.........   100%        4    #####..
 Inner Flame              Hex/Fire       #.......     97%         3    ####...


Dungeon Overview and Level Annotations

Branches:
Dungeon (8/15)             Temple (1/1) D:5
   Lair: D:8-11

Altars:
Ashenzari
Cheibriados
Dithmenos
Elyvilon
Fedhas
Gozag
Hepliaklqana
Kikubaaqudgha
Makhleb
Nemelex Xobeh
Okawaru
Qazlal
Sif Muna
Trog
Uskayaw
Vehumet
Wu Jian
Xom
Yredelemnul
Zin
The Shining One


Innate Abilities, Weirdness & Mutations

You cannot wear most types of armour.
You are very stealthy in the water. (Stealth+)
You are amphibious.
You can wear up to eight rings at the same time.
You can use your tentacles to constrict eight enemies at once.
Your skin changes colour to match your surroundings (Stealth+).
Your rubbery body absorbs attacks. (AC +1, EV +1)
You are partially covered in large bone plates. (SH +4)
You are agile. (Dex +2)
You are dopey. (Int -2)
You evolve.


Message History

You hit the two-headed ogre.
The two-headed ogre is heavily wounded.
You block the two-headed ogre's attack. x2
You slash the two-headed ogre!
The two-headed ogre is severely wounded.
The two-headed ogre completely misses you.
The two-headed ogre hits you with a giant club!!
* * * LOW HITPOINT WARNING * * *
You feel much better.
You feel very buoyant.
You fly up into the air.
You block the two-headed ogre's attack.
The two-headed ogre hits you with a giant club!
* * * LOW HITPOINT WARNING * * *
You hit the two-headed ogre.
The two-headed ogre is severely wounded.
You block the two-headed ogre's attack. The two-headed ogre barely misses you.
You barely miss the two-headed ogre.
The two-headed ogre is severely wounded.
The two-headed ogre hits you with a giant club!!
You die...

#.######## #.# #.#
#........# #.# #.#
########.# #.# #.#
#.# #.# #.# #.# #.#
#.# #.# ...# #.#
#.# ...#
###########.#######
#.# ..##
#...............@O#
#.# .#
#.###############.#
#.# .#
#.########### .#
##.####.#
#..)........# .#
#.......#
#.#########.#
.#####..###..# #.#
#.#
..........>..###
#.# #.#
######..#.#.....
#.# #.#
#########..#.#.####
#.# #.#
#.....>....>.#.#


You could see a two-headed ogre.

Vanquished Creatures
  Psyche (D:8)
  Sigmund (D:5)
  Edmund (D:5)
  Menkaure (D:5)
  A water moccasin (D:8)
  An ice beast (D:8)
  4 phantoms
  2 ogres
  A centaur (D:6)
  A big kobold (D:8)
  5 bullfrogs
  A howler monkey (D:6)
  3 crimson imps
  Crazy Yiuf (D:5)
  6 orc priests
  A bullfrog skeleton (D:3)
  5 orc wizards
  2 centaur skeletons
  A hound (D:4)
  Terence (D:3)
  Natasha (twice) (D:3)
  An iguana (D:8)
  2 worker ants
  A statue (D:5)
  A hound skeleton (D:4)
  A worker ant zombie (D:5)
  3 gnolls (D:2)
  3 adders
  2 shadow imps
  An adder zombie (D:7)
  2 adder skeletons (D:8)
  3 worms
  3 dart slugs
  2 leopard geckos
  24 orcs
  3 bats (D:2)
  6 giant cockroaches
  4 goblins
  7 hobgoblins
  18 jackals
  4 quokkas
  A frilled lizard (D:2)
  10 kobolds
  3 leopard gecko skeletons (D:4)
  7 rats
  A butterfly (D:5)
155 creatures vanquished.

Notes
Turn   | Place    | Note
-------+----------+-------------------------------------------
     0 | D:1      | Lew the Octopode Fighter began the quest for the Orb.
     0 | D:1      | Reached XP level 1. HP: 16/16 MP: 1/1
   255 | D:1      | Reached skill level 1 in Stealth
   402 | D:1      | Reached XP level 2. HP: 18/21 MP: 2/2
   908 | D:2      | Reached skill level 2 in Stealth
   915 | D:2      | Reached XP level 3. HP: 20/26 MP: 3/3
  1465 | D:2      | Reached skill level 3 in Stealth
  1465 | D:2      | Reached XP level 4. HP: 26/31 MP: 4/4
  1668 | D:2      | Found an opulent altar of Gozag.
  1670 | D:2      | Found a glowing golden altar of the Shining One.
  1766 | D:2      | Reached skill level 4 in Stealth
  1766 | D:2      | Reached XP level 5. HP: 5/36 MP: 5/5
  2695 | D:3      | Gained mutation: You are dopey. (Int -2) [potion of mutation]
  2695 | D:3      | Gained mutation: You are partially covered in large bone plates. (SH +4) [potion of mutation]
  2695 | D:3      | Gained mutation: You evolve. [potion of mutation]
  2695 | D:3      | Gained mutation: You are agile. (Dex +2) [potion of mutation]
  2801 | D:3      | Noticed Terence
  2810 | D:3      | Killed Terence
  3072 | D:3      | Noticed Natasha
  3079 | D:3      | Killed Natasha
  3079 | D:3      | Reached skill level 5 in Stealth
  3079 | D:3      | Reached XP level 6. HP: 40/43 MP: 6/6
  3191 | D:3      | Noticed Natasha
  3206 | D:3      | Killed Natasha
  3556 | D:4      | Reached skill level 6 in Stealth
  3583 | D:4      | Reached XP level 7. HP: 42/48 MP: 7/7
  3742 | D:4      | Reached skill level 7 in Stealth
  3978 | D:5      | Entered Level 5 of the Dungeon
  3993 | D:5      | Found a staircase to the Ecumenical Temple.
  4035 | D:5      | Found a basalt altar of Yredelemnul.
  4037 | D:5      | Found a radiant altar of Vehumet.
  4286 | D:5      | You fall through a shaft!
  4305 | D:6      | Reached skill level 8 in Stealth
  4583 | D:5      | Reached skill level 9 in Stealth
  4762 | D:5      | Reached XP level 8. HP: 26/54 MP: 8/8
  4975 | D:5      | Noticed Menkaure
  4978 | D:5      | Killed Menkaure
  4978 | D:5      | Reached skill level 10 in Stealth
  5068 | D:5      | Noticed Sigmund
  5077 | D:5      | Killed Sigmund
  5107 | D:5      | Gained mutation: You rapidly evolve. [evolution]
  5107 | D:5      | Lost mutation: You rapidly evolve. [decline of evolution]
  5193 | D:5      | Noticed Edmund
  5209 | D:5      | Killed Edmund
  5209 | D:5      | Reached skill level 5 in Dodging
  5331 | D:5      | Found a runed door.
  5555 | D:5      | Noticed Crazy Yiuf
  5559 | D:5      | Killed Crazy Yiuf
  5674 | Temple   | Entered the Ecumenical Temple
  6538 | D:6      | Reached XP level 9. HP: 58/58 MP: 9/9
  6906 | D:7      | Found a shadowy altar of Dithmenos.
  7304 | D:8      | Found a shattered altar of Ashenzari.
  7320 | D:8      | Noticed Psyche
  7333 | D:8      | Killed Psyche
  7333 | D:8      | Reached skill level 5 in Fighting
  7643 | D:8      | Reached skill level 5 in Shields
  7957 | D:8      | Noticed a two-headed ogre
  7971 | D:8      | HP: 1/61 [two-headed ogre/giant club (14)]
  7978 | D:8      | Mangled by a two-headed ogre

Skill      XL: |  1  2  3  4  5  6  7  8  9 |
---------------+----------------------------+-----
Stealth        | 1 2 3 4 5 6 9 10 | 10.7
Axes           | 3 4 |  4.5
Fighting       | 4 5 |  5.2
Shields        | 4 5 |  5.1
Dodging        | 7 8 |  8.3

Action                   |  1- 3 |  4- 6 |  7- 9 || total
-------------------------+-------+-------+-------++-------
Melee: War axe           |    53 |    77 |   176 ||   306
       Constrict         |    15 |    22 |    37 ||    74
       Tentacles         |     9 |    14 |    40 ||    63
Evoke: Wand              |       |       |     1 ||     1
  Use: Scroll            |     6 |     5 |     5 ||    16
       Potion            |     4 |     1 |     9 ||    14
 Stab: Sleeping          |     6 |    17 |    23 ||    46
  Eat: Ration            |     1 |     1 |     4 ||     6
       Chunk             |     1 |       |     2 ||     3
Armor: Skin              |     3 |     1 |     2 ||     6
Dodge: Dodged            |    37 |    25 |    64 ||   126
Block: Shield            |    27 |    41 |   120 ||   188
